 Dungeon Crawl Stone Soup version 0.27.0-1-g7a089689b8 (webtiles) character file.

Game seed: 11079761630796695364

60 Spectrina the Ducker (level 3, 0/22 HPs)
             Began as a Deep Elf Monk on Aug 7, 2021.
             Slain by a quokka (3 damage)
             ... on level 2 of the Dungeon.
             The game lasted 00:05:21 (454 turns).

Spectrina the Ducker (Deep Elf Monk)                 Turns: 454, Time: 00:05:21

Health: 0/22       AC:  3    Str:  8    XL:     3   Next: 82%
Magic:  8/8        EV: 13    Int: 15    God:
Gold:   62         SH:  0    Dex: 17    Spells: 3/6 levels left

rFire    . . .     SeeInvis +   a - +0 falchion
rCold    . . .     Faith    .   (no shield)
rNeg     . . .     Spirit   .   e - +0 robe
rPois    .         Reflect  .   (no helmet)
rElec    .         Harm     .   f - +0 cloak
rCorr    .         Rampage  .   (no gloves)
Will     .....                  (no boots)
Stlth    ++........             (no amulet)
HPRegen  0.07/turn              d - ring of see invisible
MPRegen  0.11/turn              (no ring)

@: no status effects
A: no striking features
a: no special abilities


You were on level 2 of the Dungeon.
You visited 1 branch of the dungeon, and saw 3 of its levels.

You collected 62 gold pieces.

Inventory:

Hand Weapons
 a - a +0 falchion (weapon)
 b - a +0 dagger
 h - a +0 short sword
 k - a +0 trident
Missiles
 c - 13 stones
 i - 7 boomerangs (quivered)
 j - 16 poisoned darts
Armour
 e - a +0 robe (worn)
 f - a +0 cloak (worn)
Jewellery
 d - a ring of see invisible (left hand)
Scrolls
 l - a scroll of identify {unknown}
 m - a scroll of holy word {unknown}
Potions
 g - a potion of might {unknown}


   Skills:
 - Level 2.4 Fighting
 - Level 3.0 Short Blades
 - Level 3.6 Dodging
 - Level 2.4 Stealth
 - Level 2.0 Spellcasting
 + Level 2.5 Conjurations
 + Level 2.0 Summonings


You had 3 spell levels left.
You knew the following spells:

 Your Spells              Type           Power      Damage    Failure   Level
a - Magic Dart            Conj           36%        1d4       8%          1
b - Call Imp              Summ           7%         N/A       14%         2

Your spell library contained the following spells:

 Spells                   Type           Power      Damage    Failure   Level
 Mephitic Cloud           Conj/Pois/Air  3%         N/A       43%         3


Dungeon Overview and Level Annotations

Branches:
Dungeon (3/15)

Altars:


Message History

You completely miss the kobold.
The kobold hits you with a +0 short sword.
You closely miss the kobold.
The kobold hits you with a +0 short sword.
You barely miss the kobold. The kobold misses you.
You riposte.
You hit the kobold.
The kobold is severely wounded.
The worm closely misses you.
You riposte.
You barely miss the worm.
The kobold hits you with a +0 short sword.
* * * LOW HITPOINT WARNING * * *
You hit the kobold.
You kill the kobold!
The worm barely misses you.
Things that are here:
a +0 short sword; a brown potion; a kobold corpse
g - a brown potion The rat misses you.
You riposte.
You hit the rat.
The rat is heavily wounded.
You barely miss the rat.
The rat is heavily wounded.
The rat bites you but does no damage.
You barely miss the rat.
The rat is heavily wounded.
The rat misses you.
You hit the rat.
You kill the rat!
m - a scroll labelled ODEUNENTO You see here 11 gold pieces.
You now have 62 gold pieces (gained 11).
There are no items here.
A quokka comes into view.
The quokka bites you.
You completely miss the quokka. The quokka bites you.
* * * LOW HITPOINT WARNING * * *
The quokka bites you.
* * * LOW HITPOINT WARNING * * *
You hit the quokka.
The quokka is severely wounded.
The quokka bites you.
You die...

.. .. .. #. #.
##.
.####..####
......r@..#
####..###.# #.
#.## # #..#
###.# ###...#
#...###
#####.########
#............#


You could see a quokka.

Vanquished Creatures
  A hound (D:3)
  A dart slug (D:2)
  7 orcs
  An endoplasm (D:2)
  A hobgoblin (D:2)
  4 kobolds (D:2)
  A quokka (D:3)
  A ball python (D:2)
  2 goblins
  4 rats
23 creatures vanquished.

Notes
Turn   | Place    | Note
-------+----------+-------------------------------------------
     0 | D:1      | Spectrina the Deep Elf Monk began the quest for the Orb.
     0 | D:1      | Reached XP level 1. HP: 13/13 MP: 3/3
    96 | D:2      | Reached skill level 1 in Spellcasting
   166 | D:2      | Learned a level 1 spell: Magic Dart
   181 | D:2      | Reached XP level 2. HP: 18/18 MP: 7/7
   196 | D:2      | Reached skill level 1 in Conjurations
   231 | D:2      | Learned a level 2 spell: Call Imp
   271 | D:3      | Reached skill level 1 in Summonings
   271 | D:3      | Reached XP level 3. HP: 12/22 MP: 8/8
   384 | D:2      | HP: 1/22 [kobold (5)]
   454 | D:2      | Slain by a quokka

Illustrated notes

Levels and vault maps discovered:
D:1:      lightli_arrival_quake, layout_loops_ring, serial_rivers,
          chequers_serial_rivers_small_3, chequers_serial_rivers_large_a,
          chequers_serial_rivers_small_b, chequers_serial_rivers_room_b,
          chequers_serial_rivers_small_3, hellmonk_ecumenical_altar_dog_temple,
          minmay_misc_feat_encased, minmay_tetromino_t4
D:2:      layout_rooms, st_stairs_8
D:3:      layout_loops_cross, hangedman_decor_points

Skill      XL: |  1  2  3 |
---------------+----------+-----
Spellcasting   | 2 |  2.0
Conjurations   | 2 |  2.5
Summonings     | 1 2 |  2.0
Fighting       | |  2.4
Short Blades   | |  3.0
Dodging        | |  3.6
Stealth        | |  2.4

Action                   || total
-------------------------++-------
Melee: Short sword       ||    18
       Dagger            ||     8
       Falchion          ||    23
Throw: Boomerang         ||     1
 Cast: Magic Dart        ||     7
  Use: Potion            ||     1
 Stab: Sleeping          ||    10
Armor: Robe              ||     6
Dodge: Dodged            ||    23
       Rpst.: Falchion   ||     5
